 Dungeon Crawl Stone Soup version 0.19-a0-1889-g9c603be (webtiles) character file.

192 LORDOFBUTT the Chopper (level 6, -13/47 HPs)
             Began as a Formicid Fighter on Oct 17, 2016.
             Mangled by an ogre
             ... wielding a +0 giant club
              (28 damage)
             ... on level 4 of the Dungeon.
             The game lasted 00:03:09 (2217 turns).

LORDOFBUTT the Chopper (Formicid Fighter)           Turns: 2217, Time: 00:03:11

Health: -13/47     AC:  8    Str: 20    XL:     6   Next: 2%
Magic:  6/6        EV:  6    Int:  8    God:
Gold:   75         SH: 14    Dex: 12    Spells: 0 memorised, 5 levels left

rFire  . . .     SeeInvis +     s - -3 hand axe (curse)
rCold  . . .     Gourm    .     b - +0 scale mail
rNeg   . . .     Faith    .     p - +0 large shield
rPois  .         Spirit   .     (helmet unavailable)
rElec  .         Reflect  .     i - +0 cloak
rCorr  .         Harm     .     (no gloves)
MR     .....                    (no boots)
Stlth  ..........               (no amulet)
                                (no ring)
                                h - ring of loudness (curse)

@: no status effects
A: permanent stasis, dig shafts and tunnels, four strong arms, antennae 3
a: Dig, Shaft Self


You were on level 4 of the Dungeon.
You were not hungry.

You visited 1 branch of the dungeon, and saw 4 of its levels.

You collected 75 gold pieces.

Inventory:

Hand Weapons
 a - a +0 war axe
 e - a +2 hand axe of chopping
 s - a cursed -3 hand axe (weapon)
Armour
 b - a +0 scale mail (worn)
 c - a +0 shield
 i - a +0 cloak (worn)
 p - a +0 large shield (worn)
Jewellery
 h - a cursed ring of loudness (left hand)
Scrolls
 g - 5 scrolls of identify
 j - 2 scrolls of enchant armour
 k - a scroll of remove curse {unknown}
 n - 2 scrolls of teleportation
 r - a scroll of amnesia {unknown}
Potions
 d - 2 potions of might
 o - 4 potions of agility {unknown}
 q - a potion of mutation {unknown}
Comestibles
 f - 3 bread rations
 l - 4 fruits
 m - a slice of pizza


   Skills:
 - Level 3.2 Fighting
 * Level 5.5 Axes
 - Level 3.2 Armour
 + Level 0.8 Dodging
 + Level 1.0 Stealth
 - Level 3.6 Shields


You had 5 spell levels left.
You didn't know any spells.

Dungeon Overview and Level Annotations

Branches:
Dungeon (4/15)
 Temple: D:4-7

Altars:
Dithmenos
Okawaru
Ru

Shops:
D:4 (


Innate Abilities, Weirdness & Mutations

You are under a permanent stasis effect.
You can dig through walls and to a lower floor.
Your four strong arms can wield two-handed weapons with a shield.
You have a pair of large antennae on your head. (SInv)


Message History

Your shield and scale mail prevent you from hitting the ogre.
The hound skeleton completely misses you.
You block the ogre's attack.
The hound skeleton bites you but does no damage.
You hit the hound skeleton.
You destroy the hound skeleton!
You have reached level 6!
Your experience leads to an increase in your attributes!
Increase (S)trength, (I)ntelligence, or (D)exterity?
You feel agile.
You hit the ogre. The ogre hits you with a giant club!!
Ouch! That really hurt!
You hit the ogre.
The ogre is heavily wounded.
You block the ogre's attack.
You hit the ogre but do no damage.
The ogre is heavily wounded.
The ogre hits you with a giant club!!
Ouch! That really hurt!
You die...

#. #. #.# #... ..# ..
#.# #..# #.# #. #.# #..#
#.# #.#### #.# #..# #.#
#a.$.# #.# #..# #.#
##..##O##.###.# #..# #.#
.......@....#.# #..# #.#
..............###..###.#
...###..#...............
. ?....#.#...........<.
####.#.###...........
............<####.
......##...#.# #.
............#.# #. #.#
###..#.# #.


You could see an ogre and a worker ant.

Vanquished Creatures
  A hound (D:3)
  Ijyb (D:3)
  A hound skeleton (D:4)
  3 adders
  A gnoll (D:1)
  3 worms (D:2)
  A dart slug (D:1)
  4 leopard geckos (D:2)
  4 orcs (D:3)
  3 ball pythons
  2 giant cockroaches
  7 goblins
  6 hobgoblins
  5 kobolds
  A quokka (D:2)
  11 bats
  6 frilled lizards
  A quokka skeleton (D:3)
  6 rats
67 creatures vanquished.

Notes
Turn   | Place    | Note
-------+----------+-------------------------------------------
     0 | D:1      | LORDOFBUTT the Formicid Fighter began the quest for the Orb.
     0 | D:1      | Reached XP level 1. HP: 18/18 MP: 1/1
    61 | D:1      | Reached XP level 2. HP: 18/24 MP: 2/2
    68 | D:1      | Reached skill level 3 in Axes
   167 | D:1      | Reached XP level 3. HP: 29/29 MP: 3/3
   784 | D:2      | Reached XP level 4. HP: 35/35 MP: 4/4
   924 | D:2      | Found a sacrificial altar of Ru.
  1008 | D:2      | Reached skill level 4 in Axes
  1450 | D:3      | Found an iron altar of Okawaru.
  1458 | D:3      | Found a faded altar of an unknown god.
  1458 | D:3      | Found a shadowy altar of Dithmenos.
  1463 | D:3      | Found a faded altar of an unknown god.
  1467 | D:3      | Found a faded altar of an unknown god.
  1469 | D:3      | Found a faded altar of an unknown god.
  1473 | D:3      | Reached XP level 5. HP: 41/41 MP: 5/5
  1603 | D:3      | Noticed Ijyb
  1615 | D:3      | Killed Ijyb
  1615 | D:3      | Reached skill level 1 in Stealth
  1722 | D:3      | Reached skill level 5 in Axes
  2149 | D:4      | Found Demminu's Antique Weapon Emporium.
  2197 | D:4      | Noticed an ogre
  2215 | D:4      | Reached XP level 6. HP: 41/47 MP: 6/6
  2217 | D:4      | Mangled by an ogre

Vault maps used:
D:1:      lightli_molten_gateway, minmay_misc_feat_encased,
          minmay_misc_feat_roman
D:2:      lemuel_round_altar, first_bread
D:3:      chequers_temple_overflow_minitemple, okawaru_trees_1, uniq_iyjb
D:4:      zin_treasury, serial_shops, nicolae_shop_stone

Skill      XL: |  1  2  3  4  5 |
---------------+----------------+-----
Axes           | 3 4 5 |  5.5
Stealth        | 1 |  1.0
Fighting       | |  3.2
Armour         | |  3.2
Dodging        | |  0.8
Shields        | |  3.6

Action                   |  1- 3 |  4- 6 || total
-------------------------+-------+-------++-------
Melee: War axe           |    14 |       ||    14
       Hand axe          |    63 |   178 ||   241
  Use: Scroll            |       |     5 ||     5
  Eat: Meat ration       |       |     1 ||     1
Armor: Scale mail        |    23 |    61 ||    84
Dodge: Dodged            |    22 |    36 ||    58
Block: Shield            |    33 |     2 ||    35
       Large shield      |       |   131 ||   131
